AoeStats
← Burrakomaister

Scandinavia

510438564Analyzed
1v1 RM · 1d ago on Oct 1, 2026· 38m 13s· 2 players
Game mode
Random Map
Map size
Tiny (2 player)
Population
200
Speed
Normal
Resources
Standard
Victory
Conquest
Starting age
Dark Age
Ending age
Imperial Age
RankedLock teamsTeams togetherTeam positionsShared explorationLock speedFull tech treeHidden civsTurbo modeCheats
Victory
Defeat
🇨🇱 Franks · Chile
958
+15
🇨🇳 Malay · China
935
-15
好人有好鲍
7:20 Loom
10:07 Feudal Age
14:02 Double-Bit Axe
21:46 Wheelbarrow
24:02 Castle Age
22:35 Stone Mining
23:16 Fishing Lines
24:43 Bow Saw
25:00 Gillnets
25:27 Forging
27:18 Horse Collar
28:16 Stone Shaft Mining
27:33 Pikeman
28:51 Iron Casting
28:15 Gold Mining
29:12 Squires
30:37 Gold Shaft Mining
30:38 Heavy Plow
35:29 Imperial Age
32:47 Town Watch
35:06 Hand Cart
34:52 Town Patrol
35:24 Halberdier
37:51 Blast Furnace
36:42 Fletching
37:38 Conscription
38:51 Ballistics
39:32 Chemistry
Burrakomaister
7:28 Loom
10:26 Feudal Age
10:54 Double-Bit Axe
17:35 Forging
19:43 Scale Mail Armor
19:51 Scale Barding Armor
24:03 Castle Age
21:33 Man-at-Arms
23:01 Scale Mail Armor
23:01 Gold Mining
23:44 Arson
24:39 Long Swordsman
26:53 Bow Saw
27:57 Iron Casting
27:37 Stone Mining
29:03 Wheelbarrow
29:10 Chain Mail Armor
29:03 Light Cavalry
35:16 Imperial Age
33:24 Murder Holes
35:52 Ballistics
37:37 Blast Furnace
36:10 Elite Throwing Axeman
Connection lost

Rejoining the realm…

Still unreachable

The connection could not be restored.

Session expired

The server has moved on; the page needs a fresh start.